 Dungeon Crawl Stone Soup version 0.22-a0-558-gc224181 (webtiles) character file.

267 pmoppi the Chopper (level 6, -3/56 HPs)
             Began as a Hill Orc Monk on June 26, 2018.
             Slain by an ogre
             ... wielding a +0 giant club
              (24 damage)
             ... on level 4 of the Dungeon.
             The game lasted 00:07:55 (4045 turns).

pmoppi the Chopper (Hill Orc Monk)                  Turns: 4045, Time: 00:07:55

Health: -3/56      AC:  6    Str: 16    XL:     6   Next: 21%
Magic:  6/6        EV: 11    Int: 10    God:
Gold:   176        SH:  0    Dex: 13    Spells: 5/5 levels left

rFire    . . .     SeeInvis .   a - +0 hand axe
rCold    . . .     Gourm    .   (no shield)
rNeg     . . .     Faith    .   g - +0 ring mail
rPois    .         Spirit   .   l - +0 helmet
rElec    .         Reflect  .   (no cloak)
rCorr    .         Harm     .   (no gloves)
MR       .....                  (no boots)
Stlth    +.........             (no amulet)
HPRegen  0.18/turn              (no ring)
MPRegen  0.10/turn              (no ring)

@: no status effects
A: no striking features
a: no special abilities


You were on level 4 of the Dungeon.
You were not hungry.

You visited 1 branch of the dungeon, and saw 4 of its levels.

You collected 176 gold pieces.

Inventory:

Hand Weapons
 a - a +0 hand axe (weapon)
Armour
 g - a +0 ring mail (worn)
 i - a +0 chain mail
 l - a +0 helmet (worn)
 s - a +1 plate armour
Jewellery
 d - an uncursed ring of wizardry {unknown}
 p - an uncursed ring of protection from cold {unknown}
 r - a cursed ring of teleportation {unknown}
Wands
 n - a wand of flame (19)
Scrolls
 b - a scroll of identify
 h - 2 scrolls of fog
 m - 2 scrolls of amnesia
Potions
 e - a potion of agility {unknown}
 f - 2 potions of curing
 j - a potion of brilliance {unknown}
 k - 2 potions of haste
Comestibles
 c - 8 rations


   Skills:
 + Level 5.4 Fighting
 * Level 7.7 Axes
 - Level 2.4 Dodging
 - Level 1.5 Stealth


You had 5 spell levels left.
You didn't know any spells.
Your spell library was empty.

Dungeon Overview and Level Annotations

Branches:
Dungeon (4/15)
 Temple: D:4-7

Altars:
Ashenzari
Fedhas


Message History

You start putting on your armour.
You continue putting on your +0 ring mail. x5
You finish putting on your +0 ring mail.
An ogre comes into view. It is wielding a giant club.
The ogre shouts!
The centaur shouts!
The centaur wields an uncursed shortbow.
The centaur shoots an arrow.
The arrow hits you.
The centaur shoots an arrow.
The arrow hits you!
The centaur shoots an arrow.
The arrow hits you.
You see here an arrow.
You hit the ogre but do no damage. The ogre misses you.
You hit the ogre but do no damage. You hit the ogre.
The ogre is lightly wounded.
The ogre hits you with a giant club!!
You slash the ogre!
The ogre is moderately wounded.
The ogre hits you with a giant club!!
You die...

# # ##
######.####.
..
#c.(O..c....
.
#O####......
# ####@#
..... . #
#....# ....
.#.#
####.####
... ....
#.....# ##
...
##.....##
#.#
#.......#
#.P
#.......# #
#..
#..)....#
#.##.P
#.#..##.#
....P


You could see an ogre and a centaur.

Vanquished Creatures
  Terence (D:2)
  A worker ant (D:1)
  Robin (D:2)
  4 adders
  6 gnolls
  An ooze (D:1)
  2 dart slugs
  3 leopard geckos
  3 orcs
  2 ball pythons (D:1)
  2 giant cockroaches
  13 goblins
  17 hobgoblins
  10 jackals
  2 quokkas (D:3)
  6 bats
  7 frilled lizards
  7 kobolds
  7 rats
95 creatures vanquished.

Notes
Turn   | Place    | Note
-------+----------+-------------------------------------------
     0 | D:1      | pmoppi the Hill Orc Monk began the quest for the Orb.
     0 | D:1      | Reached XP level 1. HP: 19/19 MP: 1/1
    92 | D:1      | Reached XP level 2. HP: 26/27 MP: 2/2
   301 | D:1      | Reached skill level 5 in Axes
   326 | D:1      | Reached XP level 3. HP: 31/33 MP: 3/3
  1150 | D:2      | Noticed Robin
  1241 | D:1      | Reached skill level 6 in Axes
  1241 | D:1      | Reached XP level 4. HP: 7/41 MP: 4/4
  1742 | D:2      | Killed Robin
  1742 | D:2      | Reached XP level 5. HP: 18/47 MP: 5/5
  2170 | D:2      | Found a shattered altar of Ashenzari.
  2171 | D:2      | Noticed Terence
  2194 | D:2      | Killed Terence
  2194 | D:2      | Reached skill level 5 in Fighting
  2194 | D:2      | Reached skill level 7 in Axes
  3169 | D:3      | Reached XP level 6. HP: 34/56 MP: 6/6
  3724 | D:4      | Found a blossoming altar of Fedhas.
  4045 | D:4      | Slain by an ogre

Vault maps used:
D:1:      matt_arrival_los_fun
D:2:      ashenzari_conservatory_becter, first_ration, uniq_terence, uniq_robin
D:4:      fedhas_bush_and_centaur_altar

Skill      XL: |  1  2  3  4  5 |
---------------+----------------+-----
Fighting       | 4 5 |  5.4
Axes           | 5 6 7 |  7.7
Dodging        | |  2.4
Stealth        | |  1.5

Action                   |  1- 3 |  4- 6 || total
-------------------------+-------+-------++-------
Melee: Hand axe          |   120 |   242 ||   362
  Use: Potion            |       |     1 ||     1
       Scroll            |       |     6 ||     6
 Stab: Sleeping          |     2 |     3 ||     5
  Eat: Chunk             |     1 |     9 ||    10
Armor: Robe              |     9 |       ||     9
       Ring mail         |    18 |    74 ||    92
Dodge: Dodged            |    94 |   156 ||   250

Table legend:
 A = Spawn XP
 B = Non-spawn XP
 C = Spawn XP percentage of total XP
 D = Spawn monster count
 E = Non-spawn monster count
 F = Spawn count percentage of total count
 G = Total turns spent on level
                    A         B        C        D         E        F      G
               +---------+---------+-------+---------+---------+-------+---------
         Total |       0 |     382 |   0.0 |       0 |      95 |   0.0 |  4045
               +---------+---------+-------+---------+---------+-------+---------
           D:1 |       0 |     105 |   0.0 |       0 |      31 |   0.0 |  1406
           D:2 |       0 |     169 |   0.0 |       0 |      41 |   0.0 |  1296
           D:3 |       0 |      59 |   0.0 |       0 |      18 |   0.0 |  1020
           D:4 |       0 |      49 |   0.0 |       0 |       5 |   0.0 |   323
               +---------+---------+-------+---------+---------+-------+---------
